 Dungeon Crawl Stone Soup version 0.27-a0-1555-g0e7b3fb1d2 (webtiles) character file.

Game seed: 6264522028901173390

53 Sin92 the Skirmisher (level 3, -2/29 HPs)
             Began as a Demonspawn Fighter on July 14, 2021.
             Killed by divine providence
             ... invoked by an orc priest
              (11 damage)
             ... on level 4 of the Dungeon.
             The game lasted 00:00:43 (1336 turns).

Sin92 the Skirmisher (Demonspawn Fighter)           Turns: 1336, Time: 00:00:44

Health: -2/29      AC:  6    Str: 16    XL:     3   Next: 64%
Magic:  3/3        EV:  7    Int:  9    God:
Gold:   41         SH:  9    Dex: 13    Spells: 2/2 levels left

rFire    . . .     SeeInvis .   a - +0 war axe
rCold    . . .     Faith    .   c - +0 kite shield
rNeg     . . .     Spirit   .   b - +0 scale mail
rPois    .         Reflect  .   (helmet restricted)
rElec    .         Harm     .   (no cloak)
rCorr    .         Rampage  .   (no gloves)
Will     .....                  (no boots)
Stlth    ..........             (no amulet)
HPRegen  0.09/turn              (no ring)
MPRegen  0.08/turn              (no ring)

@: no status effects
A: antennae 1
a: no special abilities


You were on level 4 of the Dungeon.
You visited 1 branch of the dungeon, and saw 3 of its levels.

You collected 41 gold pieces.

Inventory:

Hand Weapons
 a - a +0 war axe (weapon)
Armour
 b - a +0 scale mail (worn)
 c - a +0 kite shield (worn)
Scrolls
 f - a scroll of identify {unknown}
Potions
 d - a potion of might
 e - a potion of lignification {unknown}


   Skills:
 + Level 3.3 Fighting
 + Level 2.2 Axes
 + Level 3.0 Armour
 + Level 1.1 Dodging
 + Level 3.1 Shields


You had 2 spell levels left.
You didn't know any spells.
Your spell library contained the following spells:

 Spells                   Type           Power      Damage    Failure   Level
 Blink                    Tloc           N/A        N/A       100%        2
 Portal Projectile        Hex/Tloc       0%         N/A       100%        3
 Blade Hands              Tmut           0%         N/A       100%        5
 Excruciating Wounds      Necr           0%         N/A       100%        5
 Manifold Assault         Tloc           0%         N/A       100%        5
 Storm Form               Tmut/Air       0%         N/A       100%        7


Dungeon Overview and Level Annotations

Branches:
Dungeon (2/15)

Altars:


Innate Abilities, Weirdness & Mutations

You have a pair of small antennae on your head.


Message History

There are monsters nearby!
You closely miss the kobold.
The kobold is moderately wounded.
You completely miss the orc priest.
The orc priest hits you with a +0 dagger.
The kobold hits you with a +0 dagger.
Unknown command.
You hit the kobold.
You kill the kobold!
You barely miss the orc priest. The orc priest barely misses you.
The orc priest hits you with a +0 dagger.
The orc barely misses you.
Unknown command.
You closely miss the orc priest.
The orc priest is lightly wounded.
Your shield prevents you from hitting the orc.
The orc priest closely misses you. You block the orc's attack.
A ball python comes into view.
You block the orc priest's attack.
Unknown command.
You barely miss the orc priest.
The orc priest is lightly wounded.
The ball python hisses angrily.
You hit the orc. You block the orc's attack.
The orc priest calls upon Beogh to heal the orc.
The orc's wounds heal themselves!
The orc hits you with a +1 vampiric hand axe.
Unknown command.
You are too injured to fight recklessly!
You slash the orc!
You kill the orc!
You barely miss the orc priest.
The orc priest hits you but does no damage.
You block the orc priest's attack. You block the orc's attack.
You hit the orc priest.
The orc priest is moderately wounded.
You hit the orc.
The orc priest calls down the wrath of Beogh upon you.
Beogh smites you!
You die...

#..# #.#.#
#######.#####.#.#
#.............#.#
.#####.#####.#.#
#.# #.#.# #.##
#.#.# #..# #.#.#
##.# #.# #@# #.#
#oo# #.. ##h# S#
.. ..# ..# ...


You could see an orc priest, an orc, a jackal and a ball python.

Vanquished Creatures
  A gnoll (D:1)
  A dart slug (D:1)
  An orc (D:4)
  3 endoplasms
  3 giant cockroaches
  A hobgoblin (D:1)
  10 jackals
  2 kobolds
  2 quokkas
  3 ball pythons (D:1)
  3 bats (D:1)
  A frilled lizard (D:1)
  3 goblins
34 creatures vanquished.

Vanquished Creatures (others)
  3 plants (D:1)
3 creatures vanquished.

Grand Total: 37 creatures vanquished

Notes
Turn   | Place    | Note
-------+----------+-------------------------------------------
     0 | D:1      | Sin92 the Demonspawn Fighter began the quest for the Orb.
     0 | D:1      | Reached XP level 1. HP: 18/18 MP: 1/1
    26 | D:1      | Gained mutation: You have a pair of small antennae on your
                  | head. [demonic ancestry]
    26 | D:1      | Reached XP level 2. HP: 18/24 MP: 2/2
   636 | D:1      | Reached XP level 3. HP: 10/29 MP: 3/3
   893 | D:2      | Reached skill level 1 in Dodging
  1198 | D:2      | Found a faded altar of an unknown god.
  1264 | D:2      | You fall into a shaft and drop 2 floors!
  1336 | D:4      | Killed from afar by an orc priest

Illustrated notes

Levels and vault maps discovered:
D:1:      psy_arrival_wood_between_worlds, layout_rooms
D:2:      layout_basic, chequers_ecumenical_altar_simple
D:4:      layout_basic, uniq_natasha

Skill      XL: |  1  2  3 |
---------------+----------+-----
Axes           | 2 |  2.2
Armour         | 3 |  3.0
Shields        | 3 |  3.1
Dodging        | 1 |  1.1
Fighting       | |  3.3

Action                   || total
-------------------------++-------
Melee: War axe           ||    91
Armor: Scale mail        ||    66
Dodge: Dodged            ||    37
Block: Kite shield       ||    66

Table legend: (Time is in decaauts)
 A = Elapsed time spent in this place.
 B = Non-inter-level travel time spent in this place.
 C = Inter-level travel time spent in this place.
 D = Time resting spent in this place.
 E = Time spent auto-exploring this place.
 F = Levels seen in this place.
 G = Mean time per level.
                   A        B        C        D        E       F      G
               +--------+--------+--------+--------+--------+-----+--------+
         Total |   1393 |   1369 |     24 |      0 |   1149 |   3 |  464.3 |
       Dungeon |   1393 |   1369 |     24 |      0 |   1149 |   3 |  464.3 |
               +--------+--------+--------+--------+--------+-----+--------+

Top non-repeatable levels by time:
     D:1: 907 daAuts
     D:2: 406 daAuts
     D:4: 80 daAuts
